 Dungeon Crawl Stone Soup version 0.28.0-53-g5a82cb258f (webtiles) character file.

Game seed: 15644207658396908489

5039 jiml777 the Geomancer (level 10, 0/56 HPs)
             Began as a Gargoyle Earth Elementalist on June 13, 2022.
             Slain by an orc warlord
             ... wielding a +0 glaive
              (27 damage)
             ... in a bailey.
             The game lasted 01:02:18 (9040 turns).

jiml777 the Geomancer (Gargoyle Earth Elementalist) Turns: 9040, Time: 01:02:19

Health: 0/56       AC: 18    Str: 11    XL:     10   Next: 55%
Magic:  4/28       EV: 26    Int: 21    God:
Gold:   1444       SH:  0    Dex:  8    Spells: 14/24 levels left

rFire   . . .      SeeInvis .   l - staff of cold
rCold   + . .      Faith    .   (no shield)
rNeg    + . .      Spirit   .   o - +0 leather armour
rPois   ∞          Reflect  .   (helmet restricted)
rElec   +          Harm     .   u - +0 cloak
rCorr   .          Rampage  .   i - +0 pair of gloves
Will    .....                   k - +2 pair of boots {Fly}
Stlth   ++........              U - amulet of the acrobat
HPRegen 0.18/turn               n - ring of wizardry
MPRegen 0.21/turn               P - ring of magical power

@: acrobatic, flying, studying Short Blades
A: sickness immunity, AC +7, negative energy resistance 1, electricity
resistance, torment resistance 1, petrification resistance, horns 1, iridescent
scales 1, clumsy 1, low MP 1
a: no special abilities


You were in a bailey.
You visited 1 branch of the dungeon, and saw 7 of its levels.
You also visited: Ossuary and Bailey.

You collected 1444 gold pieces.

Inventory:

Hand Weapons
 f - a +0 hand axe
 p - a +0 hunting sling
 t - a +3 quarterstaff of chaos
 T - a +0 rapier
Missiles
 c - 49 stones
 h - a throwing net
 q - 52 sling bullets
 w - 67 bolts
 B - 150 arrows
 S - 8 poisoned darts
Armour
 b - a +0 robe
 i - a +0 pair of gloves (worn)
 k - a +2 pair of boots of flying (worn)
 o - a +0 leather armour (worn)
 u - a +0 cloak (worn)
 y - a +0 helmet
Magical Staves
 l - a staff of cold (weapon)
Jewellery
 d - a +6 ring of intelligence
 n - a ring of wizardry (left hand)
 z - a ring of see invisible
 J - a +6 ring of intelligence
 K - a ring of resist corrosion
 L - the ring "Toulur" {rF+ rC- rN+++ Slay+4 Stlth+}
   (You acquired it on level 5 of the Dungeon)

   [ring of slaying]

   Slay:      It affects your accuracy & damage with ranged weapons and melee
   (+4).
   rF:        It protects you from fire.
   rC:        It makes you vulnerable to cold.
   rN:        It renders you almost immune to negative energy.
   Stlth:     It makes you more stealthy.
 O - a ring of positive energy
 P - a ring of magical power (right hand)
 U - an amulet of the acrobat (around neck)
Wands
 E - a wand of iceblast (11)
 R - a wand of mindburst (17)
Scrolls
 a - 3 scrolls of fog
 g - a scroll of amnesia
 r - a scroll of immolation
 C - 2 scrolls of teleportation
 D - 2 scrolls of blinking {unknown}
 F - 4 scrolls of summoning {unknown}
 M - a scroll of holy word {unknown}
 Q - a scroll of vulnerability {unknown}
Potions
 e - 2 potions of heal wounds
 j - a potion of mutation
 m - a potion of haste
 s - 4 potions of curing
 v - 2 potions of brilliance
 x - 2 potions of might
 A - 2 potions of degeneration {unknown}
 G - a potion of cancellation {unknown}
 H - a potion of flight {unknown}
 I - 2 potions of berserk rage {unknown}
 N - a potion of ambrosia {unknown}


   Skills:
 * Level 4.1 Fighting
 - Level 0.3 Axes
 * Level 4.2 Staves
 * Level 4.4 Armour
 - Level 3.0 Dodging
 - Level 3.5 Stealth
 * Level 7.5 Spellcasting
 * Level 5.0 Conjurations
 * Level 3.9 Transmutations
 * Level 9.6 Earth Magic


You had 14 spell levels left.
You knew the following spells:

 Your Spells              Type           Power      Damage    Failure   Level
a - Sandblast             Erth           96%        2d20      1%          1
b - Passwall              Tmut/Erth      30%        N/A       1%          2
c - Stone Arrow           Conj/Erth      76%        3d11      1%          3
d - Petrify               Tmut/Erth      36%        N/A       2%          4

Your spell library contained the following spells:

 Spells                   Type           Power      Damage    Failure   Level
 Summon Small Mammal      Summ           28%        N/A       4%          1
 Mephitic Cloud           Conj/Pois/Air  14%        N/A       6%          3
 Ignite Poison            Fire/Tmut/Pois 13%        N/A       8%          3
 Call Canine Familiar     Summ           7%         N/A       13%         3
 Gell's Gravitas          Tloc           7%         N/A       13%         3
 Portal Projectile        Hex/Tloc       14%        N/A       13%         3
 Summon Guardian Golem    Hex/Summ       7%         N/A       13%         3
 Teleport Other           Tloc           7%         N/A       13%         3
 Tukima's Dance           Hex            7%         N/A       13%         3
 Blade Hands              Tmut           12%        N/A       22%         5
 Passage of Golubria      Tloc           7%         N/A       38%         4
 Yara's Violent Unravell  Hex/Tmut       8%         3d5       45%         5
 Freezing Cloud           Conj/Ice/Air   11%        6-21      50%         5
 Excruciating Wounds      Necr           3%         N/A       71%         5
 Dispersal                Tloc           3%         N/A       99%         6


Dungeon Overview and Level Annotations

Branches:
Dungeon (7/15)            Ossuary (visited)          Bailey (1/1)
 Temple: D:4-7

Altars:

Shops:
D:1 =

Annotations:
D:7 1 transporter, ZappyNine's ghost, novice SpEn


Innate Abilities, Weirdness & Mutations

You are immune to sickness and miasma.
Your stone body is resilient. (AC +7)
You are immune to poison.
You resist negative energy. (rN+)
You are resistant to electric shocks. (rElec)
You are resistant to unholy torment.
You are immune to petrification.
You have a pair of small horns on your head.
You are partially covered in iridescent scales. (AC +2)
You are clumsy. (Dex -2)
Your magical capacity is low. (-10% MP)


Message History

There is an open door, spattered with blood here.
Items here: )))) [[[[.
The orc warrior shouts!
The orc warlord roars a battlecry!
The orc warrior goes into a battle-frenzy!
The orc warrior barely misses you.
Casting: Stone Arrow (safe; 1% risk of failure)
Confirm with . or Enter, or press ? or * to list all spells.
Aiming: Stone Arrow (safe; 1% risk of failure)
Press: ? - help, Shift-Dir - straight line, f/p - orc warlord
Aim: an orc warlord, wielding a +0 glaive and wearing a +2 plate armour of willpower (severely wounded, 87% to hit)
You feel a surge of power!
The stone arrow hits the orc warlord!!
The orc warlord is almost dead.
The orc warrior hits you with a +0 war axe!
The orc warrior completely misses you.
There is an open door here.
The orc warrior no longer looks unusually strong.
Casting: Stone Arrow (safe; 1% risk of failure)
Confirm with . or Enter, or press ? or * to list all spells.
Aiming: Stone Arrow (safe; 1% risk of failure)
Press: ? - help, Shift-Dir - straight line, f/p - orc warlord
Aim: an orc warlord, wielding a +0 glaive and wearing a +2 plate armour of willpower (almost dead, 87% to hit)
You feel a surge of power!
The stone arrow hits the orc warrior!!
You kill the orc warrior!
Your Conjurations skill increases to level 5!
Items here: )) [[ †.
Casting: Stone Arrow (safe; 1% risk of failure)
Confirm with . or Enter, or press ? or * to list all spells.
Aiming: Stone Arrow (safe; 1% risk of failure)
Press: ? - help, Shift-Dir - straight line, f/p - orc warlord
Aim: an orc warlord, wielding a +0 glaive and wearing a +2 plate armour of willpower (severely wounded, 87% to hit)
Okay, then.
You feel a little less clever now.
The orc warlord hits you with a +0 glaive!!
* * * LOW HITPOINT WARNING * * *
The orc warlord misses you.
You feel much better. The orc warlord closely misses you.
The orc warlord completely misses you.
The orc warlord hits you from afar with a +0 glaive!!
You die...

##.........###...###.........##
#.....⌠.....###'###.....⌠.....#
##.........##88.88##.........##
#.........#.......#.........#
##.......##.....).##.......##
#.......'...)....)).......#
##.....##.....o...##.....##
#######.....⌠.....#######
##...@.....## #.........#
##.......## #.......# ##..∩..##
#######


You could see an orc warlord.

Vanquished Creatures
  4 orc knights (Bailey)
  The ghost of hawla the Stinger, a novice DEVM of Vehumet (D:6)
  A hornet (D:7)
  The ghost of gobodom the Stinger, an amateur DsVM (D:4)
  A water moccasin (D:5)
  8 orc warriors
  A necrophage (D:5)
  An ogre (D:4)
  3 centaurs
  A kobold brigand (D:6)
  A gnoll sergeant (D:6)
  A bullfrog (D:4)
  2 scorpions
  A wyvern skeleton (D:7)
  4 wights (D:6)
  A howler monkey (D:5)
  2 jellies (D:6)
  3 hounds
  Crazy Yiuf (D:2)
  2 bullfrog skeletons
  2 orc priests (D:7)
  2 iguanas
  Natasha (thrice) (D:3)
  2 orc wizards
  A hound zombie (Ossuary)
  A hound skeleton (D:4)
  4 mummies (Ossuary)
  14 gnolls
  7 adders
  A shadow imp (D:5)
  A white imp (D:7)
  2 ufetubi
  A worm (D:1)
  4 dart slugs
  13 orcs
  5 ball pythons
  6 endoplasms
  7 giant cockroaches
  2 gnoll zombies (Ossuary)
  15 goblins
  16 hobgoblins
  9 jackals
  12 kobolds
  3 quokkas
  3 bats
  4 frilled lizards
  2 goblin zombies (Ossuary)
  4 hobgoblin zombies (Ossuary)
  A jackal zombie (Ossuary)
  A kobold zombie (Ossuary)
  A quokka skeleton (D:4)
  7 rats
  A rat zombie (Ossuary)
197 creatures vanquished.

Vanquished Creatures (others)
  A goblin (D:4)
1 creature vanquished.

Grand Total: 198 creatures vanquished

Notes
Turn   | Place    | Note
-------+----------+-------------------------------------------
     0 | D:1      | jiml777 the Gargoyle Earth Elementalist began the quest for
                  | the Orb.
     0 | D:1      | Reached XP level 1. HP: 10/10 MP: 3/3
     1 | D:1      | Found a runed translucent door.
    14 | D:1      | Found Uqiggo Aqihe's Jewellery Boutique.
   259 | D:1      | Reached XP level 2. HP: 15/15 MP: 0/5
   326 | D:1      | Reached skill level 4 in Earth Magic
   623 | D:1      | Found a faded altar of an unknown god.
   955 | D:1      | Reached XP level 3. HP: 16/19 MP: 1/6
  1306 | D:2      | Reached XP level 4. HP: 12/24 MP: 3/7
  1473 | D:2      | Learned a level 2 spell: Passwall
  1477 | D:2      | Learned a level 3 spell: Stone Arrow
  1527 | D:2      | Found a runed translucent door.
  1528 | D:2      | Noticed Crazy Yiuf
  1534 | D:2      | Killed Crazy Yiuf
  1782 | D:2      | Reached skill level 1 in Armour
  1959 | D:2      | Reached skill level 5 in Earth Magic
  2474 | D:3      | Noticed Natasha
  2479 | D:3      | Killed Natasha
  2480 | D:3      | Reached XP level 5. HP: 26/28 MP: 2/9
  2547 | D:3      | Noticed Natasha
  2551 | D:3      | Killed Natasha
  2596 | D:3      | Noticed Natasha
  2600 | D:3      | Killed Natasha
  3147 | D:4      | Identified a scroll of acquirement
  3147 | D:4      | Acquired 1014 gold pieces
  3166 | D:4      | Reached skill level 1 in Staves
  3166 | D:4      | Reached XP level 6. HP: 22/33 MP: 8/10
  3306 | D:4      | Found a transporter.
  3310 | D:4      | Noticed an orc warrior
  3310 | D:4      | Noticed gobodom's ghost (amateur DsVM)
  3320 | D:4      | Found a transporter.
  3407 | D:4      | Reached skill level 1 in Transmutations
  3426 | D:4      | Reached skill level 1 in Conjurations
  3490 | D:4      | Found a sand-covered staircase.
  3501 | Ossuary  | Entered an ossuary
  4085 | D:4      | Reached XP level 7. HP: 25/37 MP: 7/12
  4292 | D:4      | Reached skill level 1 in Fighting
  4753 | D:4      | Killed gobodom's ghost
  4887 | D:5      | Entered Level 5 of the Dungeon
  4892 | D:5      | Reached skill level 6 in Earth Magic
  4892 | D:5      | Reached XP level 8. HP: 43/43 MP: 9/13
  5318 | D:5      | Learned a level 4 spell: Petrify
  5349 | D:5      | Acquired the ring "Toulur" {rF+ rC- rN+++ Slay+4 Stlth+}
  5808 | D:6      | Reached skill level 7 in Earth Magic
  5980 | D:6      | Found a runed translucent gate.
  5980 | D:6      | Found a runed translucent gate.
  5980 | D:6      | Found a runed translucent gate.
  5981 | D:6      | Noticed hawla's ghost (novice DEVM)
  6288 | D:6      | Reached skill level 5 in Spellcasting
  6300 | D:6      | Reached XP level 9. HP: 33/48 MP: 9/16
  7211 | D:6      | Killed hawla's ghost
  7360 | D:7      | Noticed a hornet
  7366 | D:7      | Killed a hornet
  7367 | D:7      | Reached skill level 8 in Earth Magic
  7470 | D:7      | Found a transporter.
  7477 | D:7      | Noticed ZappyNine's ghost (novice SpEn)
  7525 | D:7      | Found a flagged portal.
  7554 | Bailey   | Entered a bailey
  7896 | Bailey   | Noticed an orc knight
  7922 | Bailey   | Killed an orc knight
  7924 | Bailey   | HP: 2/51 [orc warrior/+0 war axe (14)]
  8181 | Bailey   | Noticed an orc knight
  8209 | Bailey   | Killed an orc knight
  8210 | Bailey   | Reached skill level 9 in Earth Magic
  8210 | Bailey   | Reached XP level 10. HP: 33/56 MP: 11/20
  8399 | Bailey   | Noticed an orc knight
  8400 | Bailey   | Noticed an orc knight
  8459 | Bailey   | Killed an orc knight
  8513 | Bailey   | Gained mutation: You are partially covered in iridescent
                  | scales. (AC +2) [potion of mutation]
  8513 | Bailey   | Gained mutation: You are clumsy. (Dex -2) [potion of
                  | mutation]
  8513 | Bailey   | Gained mutation: Your magical capacity is low. (-10% MP)
                  | [potion of mutation]
  8513 | Bailey   | Gained mutation: You have a pair of small horns on your
                  | head. [potion of mutation]
  8635 | Bailey   | Killed an orc knight
  8871 | Bailey   | Noticed an orc warlord
  9031 | Bailey   | Reached skill level 5 in Conjurations
  9040 | Bailey   | Slain by an orc warlord

Illustrated notes

Levels and vault maps discovered:
D:1:      dpeg_arrival_caged_fury, layout_basic,
          dilly_ecumenical_altar_fadedgnrine, serial_shops, shop
D:2:      layout_loops_ring, uniq_crazy_yiuf_cottage
D:3:      layout_rooms, uniq_natasha
D:4:      layout_loops_ring, lightli_ossuary_entry_decrepit_ruins,
          gammafunk_ghost_arena
D:5:      layout_rooms, hangedman_abyss_or_decor_stagger, kennysheep_donut,
          minmay_manual_mares
D:6:      layout_loops_corners, ebering_ghost_rock_garden, grunt_ministairs_7,
          roderic_serpentine_path, chequers_serial_rivers_room_b,
          lightli_corner_chamber
D:7:      layout_basic, minmay_temple_entry_from_below_a, enter_bailey_6,
          gammafunk_ghost_stat_death, skrybe_limestone_x, abandoned_shop,
          grunt_ogre_cave, uniq_menkaure
Bailey:   bailey_axe_minmay_hex_keep, bailey

Skill      XL: |  1  2  3  4  5  6  7  8  9 10 |
---------------+-------------------------------+-----
Earth Magic    | 4 5 6 7 9 |  9.6
Armour         | 1 2 4 |  4.4
Stealth        | 3 |  3.5
Staves         | 1 2 3 4 |  4.2
Spellcasting   | 3 5 6 7 |  7.5
Dodging        | 2 3 |  3.0
Transmutations | 1 2 3 |  3.9
Conjurations   | 1 2 3 4 5 |  5.0
Fighting       | 1 2 3 4 |  4.1
Axes           | |  0.3

Action                   |  1- 3 |  4- 6 |  7- 9 | 10-12 || total
-------------------------+-------+-------+-------+-------++-------
Melee: Hand axe          |     4 |       |       |       ||     4
       Staff             |    55 |   171 |   133 |     3 ||   362
       Punch             |     1 |       |       |       ||     1
 Cast: Sandblast         |    33 |    48 |   158 |    21 ||   260
       Stone Arrow       |       |     5 |    22 |    39 ||    66
       Petrify           |       |       |       |     1 ||     1
  Use: Scroll            |       |     7 |     5 |       ||    12
       Potion            |       |       |     2 |     8 ||    10
 Stab: Sleeping          |       |     2 |     3 |       ||     5
Armor: Leather armour    |    32 |   106 |   151 |     4 ||   293
       Robe              |     4 |       |       |       ||     4
Dodge: Dodged            |    50 |   150 |   163 |    24 ||   387
